Cogmind - Beta 13 @@@ ROGUE MODE // 2024.03.17 @ 21:47:05 Player: Baxter Result: Destroyed by D-53 Grenadier with Mini Grenade Launcher Performance ------------- Evolutions (0) 0 Regions Visited (2) 400 Robots Destroyed (13) 65 Value Destroyed (209) 209 Prototype IDs (1) 20 Alien Tech Used (0) 0 Bonus (0) 0 TOTAL SCORE: 694 Bonus ------- None Cogmind --------- Core Integrity 0/250 Matter 256/300 Energy 99/100 System Corruption 0% Temperature Cool (0) Movement Rolling (130) Ox2 Location -10/Mines Parts ------- > --- POWER (1) -------- (None) > --- PROPULSION (2) --- Compact Wheel > --- UTILITY (2) ------ High-capacity Storage Unit > --- WEAPON (2) ------- (None) > --- INVENTORY (20) --- Cooled Ion Engine Aluminum Leg Aluminum Leg Wheel Medium Storage Unit Medium Matter Pod (100) Structural Scanner Terrain Scan Processor EM Pulse Gun Assault Rifle Assault Rifle Assault Rifle Rocket Launcher Rocket Launcher Rocket Launcher Heavy Hammer Peak State ------------ > --- POWER ------------ Cooled Ion Engine > --- PROPULSION ------- Wheel Compact Wheel > --- UTILITY ---------- High-capacity Storage Unit Improved Terrain Scanner > --- WEAPON ----------- Assault Rifle Rocket Launcher > --- INVENTORY -------- Cooled Ion Engine Aluminum Leg Aluminum Leg Wheel Medium Storage Unit Medium Matter Pod Structural Scanner Terrain Scan Processor EM Pulse Gun Assault Rifle Assault Rifle Assault Rifle Rocket Launcher Rocket Launcher Rocket Launcher Heavy Hammer [Rating: 14] Favorites ----------- Power Cooled Ion Engine Engine Cooled Ion Engine Propulsion Aluminum Leg Leg Aluminum Leg Wheel Compact Wheel Utility Seismic Detector Device Seismic Detector Storage High-capacity Storage Unit Weapon Assault Rifle Energy Gun EM Pulse Gun Ballistic Gun Assault Rifle Launcher Rocket Launcher Build | -11 -10 -10 ------- Run | Yrd Mat Min Slots Evolved . | . . . Power . | . . . Propulsion . | . . . Utility . | . . . Weapon . | . . . Parts Attached 20 | 7 9 4 Power 2 | 1 1 . Engine 2 | 1 1 . Core . | . . . Reactor . | . . . Propulsion 4 | 2 1 1 Treads . | . . . Leg 2 | 2 . . Wheel 2 | . 1 1 Hover . | . . . Flight . | . . . Utility 4 | 2 1 1 Device 2 | 1 . 1 Storage 2 | 1 1 . Processor . | . . . Hackware . | . . . Protection . | . . . Artifact . | . . . Weapon 10 | 2 6 2 Energy Gun 2 | . 2 . Energy Cannon . | . . . Ballistic Gun 7 | 2 4 1 Ballistic Cannon . | . . . Launcher 1 | . . 1 Special Weapon . | . . . Impact Weapon . | . . . Slashing Weapon . | . . . Piercing Weapon . | . . . Special Melee Weapon . | . . . Unidentified Prototypes 1 | . 1 . Parts Lost 6 | . . 6 Power 1 | . . 1 Propulsion 1 | . . 1 Utility 2 | . . 2 Weapon 2 | . . 2 Highest Loss Streak 5 | . . 5 To Critical Strikes . | . . . Average Slot Usage (%) 99 | . 100 97 Engine 13 | . 14 13 Leg 16 | . 23 2 Wheel 11 | . 4 24 Device 13 | . 14 13 Storage 14 | . 14 14 Energy Gun 3 | . 5 . Ballistic Gun 23 | . 22 25 Naked Turns . | . . . Heaviest Build 55 | 14 53 55 Greatest Support 26 | 20 20 26 Greatest Overweight (x) 4 | 4 3 3 Average Overweight (x) 1 | . . 2 Largest Inventory Capacity 20 | 8 20 20 Average Capacity 14 | 7 12 20 Most Carried 17 | 8 14 17 Average Carried 10 | 5 9 15 Final Capacity 20 | 8 20 20 Final Carried 16 | 8 14 16 Class Distribution -------------------- 100% | Mutant Dominant Class ---------------- Mutant | -10/Materials Mutant | -10/Mines Resources | -11 -10 -10 ----------- Run | Yrd Mat Min Matter Collected 512 | 318 137 57 Remotely . | . . . Salvage Created 420 | 141 219 60 Parts 26 | 8 13 5 Haulers Intercepted . | . . . Recyclers Shooed 1 | 1 . . Parts Field Recycled . | . . . Retrieved Matter . | . . . Parts Self-Destructed . | . . . Prevented . | . . . Kills | -11 -10 -10 ------- Run | Yrd Mat Min Combat Hostiles Destroyed 6 | . 4 2 Guns 4 | . 4 . AOE 2 | . . 2 Classes Destroyed 5 | 2 2 1 Worker 3 | . 2 1 Tunneler 3 | 2 . 1 Recycler 1 | 1 . . Swarmer 2 | . . 2 Grunt 4 | . 4 . Best Kill Streak 4 | 2 3 4 Combat Bots Only 2 | . 2 2 Max Kills in Single Turn 1 | 1 1 1 Gunslinging . | . . . Exploded 1 | . . 1 Melee . | . . . Uniques/NPCs Destroyed . | . . . Combat | -11 -10 -10 -------- Run | Yrd Mat Min Hostile Shots Fired 27 | . 8 19 Missed 7 | . 1 6 Damage Taken 849 | . 85 764 Core 261 | . 10 251 Absorbed by Shields . | . . . Core Remaining (%) 100 | 100 . . Volleys Fired 39 | 12 21 6 Largest 2 | 2 2 2 Hottest 60 | 40 60 40 Shots Fired 74 | 24 42 8 Gun 70 | 24 42 4 Cannon . | . . . Launcher 4 | . . 4 Special . | . . . Kinetic 55 | 24 27 4 Thermal . | . . . Explosive 4 | . . 4 Electromagnetic 15 | . 15 . Robot Hit Streak 7 | 6 7 3 Robot Miss Streak 5 | 2 5 2 Penetration Max . | . . . Secondary Targets . | . . . Shots Hit Robots 43 | 18 22 3 Core Hits 17 | 4 10 3 Critical Kills 1 | . 1 . Critical Parts Destroyed . | . . . Critical Strikes 2 | . 2 . Destroy 1 | . 1 . Corrupt 1 | . 1 . Melee Attacks . | . . . Impact . | . . . Slashing . | . . . Piercing . | . . . Sneak Attacks . | . . . Combat Hostiles . | . . . Follow-up Attacks . | . . . Damage Inflicted 707 | 191 324 192 Guns 512 | 191 297 24 Cannons . | . . . Explosions 195 | . 27 168 Melee . | . . . Ramming . | . . . Kinetic 371 | 191 156 24 Thermal 27 | . 27 . Explosive 168 | . . 168 Electromagnetic 141 | . 141 . Impact . | . . . Slashing . | . . . Piercing . | . . . Highest Corruption . | . . . Average Corruption . | . . . Corruption Purged . | . . . Corruption Blocked . | . . . Overload Shots . | . . . Overflow Damage 19 | . . 19 Projectiles . | . . . Explosions 19 | . . 19 Melee . | . . . Knockbacks . | . . . Impact . | . . . Kinetic . | . . . Secondary . | . . . Self-Inflicted Damage 72 | . . 72 Shots 2 | . . 2 Rammed . | . . . Targets Rammed . | . . . Kicked . | . . . Crushed . | . . . Highest Temperature 14 | . 14 . Average Temperature 7 | . 7 . Received Heat Transfer 48 | . 48 . Siege Activations . | . . . Robots Corrupted . | . . . Combat Hostiles . | . . . Parts Fried 1 | . 1 . Impact Corruptions . | . . . Robots Melted . | . . . Combat Hostiles . | . . . Parts Melted . | . . . Heat Transferred 50 | . 50 . Parts Sabotaged . | . . . Parts Stolen . | . . . Parts Stripped . | . . . Power Chain Reactions 1 | . 1 . Alert | -11 -10 -10 ------- Run | Yrd Mat Min Peak Influence 137 | 15 137 89 Initial 9 | . 9 1 Average 30 | 6 44 14 Maximum Alert Level . | . . . Low Security (%) 100 | 100 100 100 Level 1 . | . . . Level 2 . | . . . Level 3 . | . . . Level 4 . | . . . Level 5 . | . . . High Security . | . . . Max Security . | . . . Squads Dispatched 1 | . 1 . Investigation . | . . . Extermination . | . . . Reinforcement 1 | . 1 . Assault . | . . . Garrison . | . . . Intercept . | . . . Searches Triggered . | . . . Construction Impeded . | . . . Haulers Reinforced . | . . . Active Scanning Responses . | . . . Cargo Convoy Interrupts . | . . . Stealth | -11 -10 -10 --------- Run | Yrd Mat Min Distress Signals 1 | . 1 . Communications Jammed . | . . . Distress Signals . | . . . Times Spotted 17 | . 10 7 Peak Tracking Total 4 | . 3 4 Tactical Retreats . | . . . Traps | -11 -10 -10 ------- Run | Yrd Mat Min Traps Triggered . | . . . Indirectly . | . . . Trap Hack Attempts . | . . . Triggered . | . . . Disarmed . | . . . Reprogrammed . | . . . Reused . | . . . Traps Extracted . | . . . Installed . | . . . Triggered . | . . . Machines | -11 -10 -10 ---------- Run | Yrd Mat Min Machines Disabled 1 | . . 1 Max in Single Turn 1 | . . 1 Machines Repaired . | . . . Machines Dismantled . | . . . Machines Sabotaged . | . . . Overloaded Fab Kills . | . . . Hacking | -11 -10 -10 --------- Run | Yrd Mat Min Machines Accessed 4 | . 3 1 Terminals 3 | . 3 . Fabricators . | . . . Repair Stations . | . . . Recycling Units . | . . . Scanalyzers . | . . . Garrison Access . | . . . Total Hacks 11 | . 10 1 Successful 5 | . 4 1 Failed 6 | . 6 . Catastrophic . | . . . Database Lockouts . | . . . Manual 10 | . 10 . Terminals 10 | . 10 . Fabricators . | . . . Repair Stations . | . . . Recycling Units . | . . . Scanalyzers . | . . . Garrison Access . | . . . Terminal Hacks 2 | . 1 1 Robot Analysis 1 | . 1 . Open Door 1 | . . 1 Fabricator Hacks . | . . . Repair Station Hacks . | . . . Recycling Unit Hacks . | . . . Scanalyzer . | . . . Garrison Access Hacks . | . . . Unauthorized Hacks 3 | . 3 . Terminals 3 | . 3 . Botnet 3 | . 3 . Fabricators . | . . . Repair Stations . | . . . Recycling Units . | . . . Scanalyzers . | . . . Garrison Access . | . . . Data Cores Recovered . | . . . Used . | . . . Hacking Detections 3 | . 3 . Full Trace Events . | . . . Feedback Events . | . . . Feedback Blocked . | . . . Robot Schematics Acquired . | . . . Robots Built . | . . . Authchips . | . . . Time . | . . . Total Robot Build Rating . | . . . Part Schematics Acquired . | . . . Parts Built . | . . . Authchips . | . . . Time . | . . . Total Part Build Rating . | . . . Parts Repaired . | . . . Time . | . . . Parts Recycled . | . . . Recycled Matter . | . . . Retrieved Matter . | . . . Retrieved Components . | . . . Parts Scanalyzed . | . . . Part Schematics Acquired . | . . . Parts Damaged . | . . . Bothacking | -11 -10 -10 ------------ Run | Yrd Mat Min Used RIF Installer . | . . . Robots Hacked . | . . . Non-combat . | . . . Combat . | . . . Robot Hacks Applied . | . . . Relay Couplers Released . | . . . Fabnet Peak Effective % . | . . . Robots Rewired . | . . . Allies Hacked . | . . . Hacks Repelled . | . . . Allies | -11 -10 -10 -------- Run | Yrd Mat Min Total Allies . | . . . Largest Group . | . . . Highest-Rated Group . | . . . Highest-Rated Ally . | . . . Total Orders . | . . . Ally Attacks . | . . . Total Damage . | . . . Kills . | . . . Allies Corrupted . | . . . Allies Melted . | . . . Intel | -11 -10 -10 ------- Run | Yrd Mat Min Robot Analysis Total 1 | . 1 . Derelict Logs Recovered 1 | . . 1 Drone Launches . | . . . Drone Recoveries . | . . . Exploration | -11 -10 -10 ------------- Run | Yrd Mat Min Turns Passed 1036 | 135 585 316 Spaces Moved 676 | 69 372 235 Core 12 | 12 . . Treads . | . . . Legs 310 | 57 253 . Wheels 354 | . 119 235 Hover . | . . . Flight . | . . . Fastest Speed 50 | 50 120 105 Average Speed 127 | 121 129 125 Slowest Speed 260 | 250 260 145 Overloaded Moves . | . . . Propulsion Burnouts . | . . . Robots Hopped . | . . . Cave-ins Triggered 1 | . . 1 Exploration Rate (%) 33 | 5 55 39 Regions Visited 2 Branch Regions 1 Pre-discovered Areas 1 | . . 1 Known Exits Taken . | . . . Unknown Exits Taken 2 | 1 1 . Scrap Searched 1 | . . 1 Spaces Dug . | . . . Terrain Destroyed 32 | . 3 29 Melee . | . . . Projectile . | . . . AOE 32 | . 3 29 Terrain Rammed . | . . . Walls Destroyed . | . . . Machines Disabled . | . . . Actions | -11 -10 -10 --------- Run | Yrd Mat Min Total 778 | 95 435 248 Wait 10 | . 10 . Move 673 | 68 371 234 Hop . | . . . Pick Up 24 | 8 13 3 Fast Attach 8 | 7 1 . Attach 1 | . . 1 Detach . | . . . Swap 11 | . 8 3 Drop 11 | . 11 . Fire 39 | 12 21 6 Melee . | . . . Ram . | . . . Kick . | . . . Crush . | . . . Escape Stasis 1 | . . 1 Rewire . | . . . Trap . | . . . Miscellaneous . | . . . Route ------- -11/Scrapyard -10/Materials (discovered 3 exits: [*Mat] / *Min x2) -10/Mines (discovered 1 exit: [*Mat]) History --------- Turn | Location | Event 18 | -11/Scrapyard | Discovered new exit (range 15) 136 | -11/Scrapyard | Entered Materials 291 | -10/Materials | Discovered new exit (range 16) 340 | -10/Materials | Build established: Mutant 383 | -10/Materials | Discovered new exit (range 9) 426 | -10/Materials | Discovered new exit (range 6) 721 | -10/Materials | Entered Mines 766 | -10/Mines | Met a Derelict who couldn't figure out how to use a Trap Extractor 927 | -10/Mines | Discovered new exit (range 12) 1001 | -10/Mines | Assembled infested the area 1004 | -10/Mines | Learned location of Zion (-7) 1006 | -10/Mines | Assisted by a Guerilla fighting off Assembled 1029 | -10/Mines | Core integrity fell below 50% 1032 | -10/Mines | Core integrity fell below 20% 1032 | -10/Mines | Crushed by falling debris 1037 | -10/Mines | Destroyed by D-53 Grenadier with Mini Grenade Launcher Last Messages --------------- coming from, and they're closing on this area, come on!" 01015_ SB-NC9(h): "I'll hold them off! Go on ahead or try to find another way!" 01015_ HV Slug penetrates Wall. 01016_ The unstable cave ceiling collapses. 01016_ C-30 ARC bursts open, deploying its payload. 01019_ The unstable cave ceiling collapses. 01019_ SB-NC9(h) destroyed. 01021_ Rocket Launcher destroyed. 01022_ The unstable cave ceiling collapses. 01023_ Cld. Ion Engine destroyed. 01023_ Wheel destroyed. 01029_ Imp. Terrain Scanner destroyed. 01030_ Assault Rifle destroyed. 01031_ as-87316 destroyed. 01032_ The unstable cave ceiling collapses. 01032_ Crushed by falling debris. 01035_ The unstable cave ceiling collapses. Map ----- +----------------------------------------------------+ | ?????????????????????????????????????????????????? | | ?????????????????????????????????????????????????? | | ?????????????????????????????????????????????????? | | ?????????????????????????????????????????????????? | | ?????????????????????????????????????????????????? | | ?????????????????????????????????????????????????? | | ?????????????????????????????????????????????????? | | ?????????????????????????????????????????????????? | | ?????????????????????????????????????????????????? | | ?????????????????????? ?????????????????????????? | | ?????????????????????? ?????????????????????????? | | ?????????????????????? ?????????????????????????? | | ?????????????????????? ?????????????????????????? | | ????????????????????## ?????????????????????????? | | ????????????????#??## ?????????????????????????? | | ??????????????????## ?????????????????????????? | | ###??????????????## #?????????????????????????? | | ##?????????????# ##????????????????????????? | | #?????????????# #????????????????????????? | | ##????????????# ?????????????????????????? | | ############??# ####??????????????????????? | | !% #??# ##?????????????????????? | | ####### #??# #?????????????????????? | | ## ##?????# #### # ##?????????????????????? | | ?## ##??##?# % r% ###???????????????????? | | ??## #??# # " # # @ ##??????????????????? | | ???## #??# d #??????????????????? | | ????## #?## ##??? ?????????????? | | ?????# #?# # #? ???????????????? | | ?????# #?##" # ???????????????? | | ?????# #??# d #?????????????? | | ?##### #?# # #?????????????? | | ## #?## # #?????????????? | | ## #####??### ## a #?????????????? | | ## #????????####?## #?????????????? | | #??????#???????### ##?????????????? | | #????????????????## # ##??????????????? | | ####?????????????????## # ######????#???????????? | | ?????????????????????#######?????????????????????? | | ???????????????????????????#?????????????????????? | | ?????????????????????????????????????????????????? | | ?????????????????????????????????????????????????? | | | | | | | | | | | | | | | | | +----------------------------------------------------+ Best States ------------- Heat Dissipation 25 Energy Generation 14 Energy Capacity 280 Matter Stores 300 Matter Capacity 300 Sight Range 16 Terrain Scan Range 16 Terrain Scan Density 10 Evasion (%) 55 Item Schematics ----------------- None Robot Schematics ------------------ None Fabricated ------------ Nothing Alien Tech Used ----------------- None Achievements -------------- None Challenges ------------ None Game ------ Seed WarpMultitargetingBrace Manual? 0 Play Time 00:10:47 Cumulative 52.9 hours Start 2024.03.17 @ 21:38:18 End 2024.03.17 @ 21:47:05 Sessions 1 Manual Loads 0 Difficulty Rogue Special Mode None Game No. 54 Rogue 54 Adventurer 0 Explorer 0 Win Type - Total 0 Types 0/0/0/0/0/0/0/0/0 Lore% 29 Gallery% 35 Achievement% 32 Wizard Run 0 Options --------- Layout 1 ASCII 0 Keyboard 0 Movement Numpad Keybinds 0 Fullscreen 2 Font 24/X11 Map View 50x35 Zoom Use 0% Tactical HUD 1 Map Filters NONE Filters NONE Steam 0 RUN: e58c7fde-08b6-4c5d-90ed-1bfbeb030998